 Dungeon Crawl Stone Soup version 0.22.1-2-g9c5b331383 (webtiles) character file.

86 Adamkad1 the Charmwright (level 4, 0/26 HPs)
             Began as a Tengu Skald on Dec 19, 2018.
             Slain by a gnoll
             ... wielding a +0 whip
              (8 damage)
             ... on level 2 of the Dungeon.
             The game lasted 00:03:27 (3185 turns).

Adamkad1 the Charmwright (Tengu Skald)              Turns: 3185, Time: 00:03:28

Health: 0/26       AC:  3    Str: 11    XL:     4   Next: 50%
Magic:  6/8        EV: 12    Int: 14    God:
Gold:   113        SH:  0    Dex: 14    Spells: 2/7 levels left

rFire    . . .     SeeInvis .   a - +0 falchion
rCold    . . .     Gourm    .   (no shield)
rNeg     . . .     Faith    .   b - +0 leather armour
rPois    .         Spirit   .   (helmet restricted)
rElec    .         Reflect  .   (no cloak)
rCorr    .         Harm     .   (no gloves)
MR       .....                  (boots unavailable)
Stlth    +.........             (no amulet)
HPRegen  0.08/turn              (no ring)
MPRegen  0.11/turn              (no ring)

@: infused
A: beak, talons 3
a: no special abilities


You were on level 2 of the Dungeon.
You were not hungry.

You visited 1 branch of the dungeon, and saw 2 of its levels.

You collected 113 gold pieces.

Inventory:

Hand Weapons
 a - a +0 falchion (weapon)
Armour
 b - a +0 leather armour (worn)
Scrolls
 c - a scroll of blinking {unknown}
 e - a scroll of teleportation
 g - 2 scrolls of enchant weapon {unknown}
 h - 2 scrolls of remove curse {unknown}
 k - 2 scrolls of identify {unknown}
Potions
 f - a potion of curing {unknown}
 i - a potion of mutation {unknown}
 j - 2 potions of ambrosia {unknown}
 l - a potion of flight {unknown}
Comestibles
 d - a ration
 m - a chunk of flesh


   Skills:
 + Level 2.3 Fighting
 * Level 2.9 Long Blades
 + Level 1.5 Armour
 * Level 2.8 Dodging
 + Level 2.2 Spellcasting
 * Level 3.1 Charms
 + Level 0.6 Translocations


You had 2 spell levels left.
You knew the following spells:

 Your Spells              Type           Power        Failure   Level  Hunger
a - Infusion              Chrm           ##..         9%          1    #......
b - Song of Slaying       Chrm           ##......     13%         2    ###....
c - Shroud of Golubria    Chrm/Tloc      #.........   22%         2    ###....

Your spell library contained the following spells:

 Spells                   Type           Power        Failure   Level  Hunger
 Regeneration             Chrm/Necr      #.........   43%         3    ###....
 Spectral Weapon          Hex/Chrm       #.......     43%         3    ###....


Dungeon Overview and Level Annotations

Branches:
Dungeon (2/15)

Altars:
Uskayaw
The Shining One

Annotations:
D:2 1 runed door


Innate Abilities, Weirdness & Mutations

You have a beak for a mouth.
You have claws for feet.


Message History

The gnoll is almost dead.
Your shroud begins to fray at the edges.
The gnoll hits you with a whip.
The gnoll hits you from afar with a spear.
Your shroud falls apart!
The gnoll hits you with a whip.
Casting: Shroud of Golubria (safe; 22% risk of failure)
Confirm with . or Enter, or press ? or * to list all spells.
You begin infusing your attacks with magical energy.
The gnoll hits you from afar with a spear.
The gnoll hits you with a whip!
You are too injured to fight recklessly!
You are too injured to fight recklessly!
You are too injured to fight recklessly!
You are too injured to fight recklessly!
Unknown command.
You barely miss the gnoll. Your kick misses the gnoll.
The gnoll is almost dead.
The gnoll misses you. The gnoll hits you with a whip!
You die...

..##...## ##.#.#....##### #.....
..#.###.###..#.....## ######
..(..#...##..#...### #.....
..........#.#...## #..###
............###.## #g..#.
..#.........# #.g# ##...##
..##....>..## ##g# #g.#.##
.....#....## #g# #..#.##
.###.....## #@## ####<.#.## .#
####### #..# #......... .# ##.##
#.##.....# .# #...# #.##.###.# .#
##.#.## #.##.# #.# .# ##..#..##
#.##.# #.. .##
##..###..###.##.##### ..###
##..##.##..##.##......
....########..##...##..#.###...##


You could see 3 gnolls.

Vanquished Creatures
  3 adders (D:2)
  A dart slug (D:2)
  2 worms (D:2)
  A leopard gecko (D:1)
  3 giant cockroaches
  5 goblins
  6 hobgoblins
  4 jackals (D:2)
  10 bats
  A frilled lizard (D:1)
  9 kobolds
  3 rats
48 creatures vanquished.

Notes
Turn   | Place    | Note
-------+----------+-------------------------------------------
     0 | D:1      | Adamkad1 the Tengu Skald began the quest for the Orb.
     0 | D:1      | Reached XP level 1. HP: 12/12 MP: 4/4
    68 | D:1      | Reached XP level 2. HP: 12/17 MP: 6/6
    80 | D:1      | Learned a level 2 spell: Song of Slaying
    83 | D:1      | Learned a level 2 spell: Shroud of Golubria
  1068 | D:1      | Reached XP level 3. HP: 8/21 MP: 7/7
  1846 | D:2      | Reached skill level 3 in Charms
  2064 | D:2      | Found a glowing golden altar of the Shining One.
  2083 | D:2      | Reached XP level 4. HP: 18/26 MP: 8/8
  2406 | D:2      | Found a hide-covered altar of Uskayaw.
  2407 | D:2      | Noticed an enchanted hand axe
  2408 | D:2      | Noticed a dagger
  2768 | D:2      | Found a runed door.
  3185 | D:2      | Slain by a gnoll

Skill      XL: |  1  2  3 |
---------------+----------+-----
Charms         | 3 |  3.1
Fighting       | |  2.3
Long Blades    | |  2.9
Armour         | |  1.5
Dodging        | |  2.8
Spellcasting   | |  2.2
Translocations | |  0.6

Action                   |  1- 3 |  4- 6 || total
-------------------------+-------+-------++-------
Melee: Falchion          |    72 |    32 ||   104
       Kick              |    21 |     5 ||    26
       Peck              |    13 |     5 ||    18
 Cast: Infusion          |     2 |     4 ||     6
       Shroud of Golubri |       |     2 ||     2
  Use: Scroll            |     1 |       ||     1
       Potion            |     1 |       ||     1
  Eat: Chunk             |     4 |     3 ||     7
Armor: Leather armour    |    11 |     6 ||    17
Dodge: Dodged            |    50 |    25 ||    75
       Rpst.: Falchion   |    16 |     6 ||    22
